 Dungeon Crawl Stone Soup version 0.21.1-1-g345015f (webtiles) character file.

144 xccam the Chopper (level 5, -4/42 HPs)
             Began as a Demonspawn Abyssal Knight on Feb 12, 2018.
             Was a Follower of Lugonu.
             Slain by Crazy Yiuf
             ... wielding a +3 quarterstaff of chaos
              (5 damage)
             ... on level 3 of the Dungeon.
             The game lasted 00:07:34 (3179 turns).

xccam the Chopper (Demonspawn Abyssal Knight)       Turns: 3179, Time: 00:07:35

Health: -4/42      AC:  6    Str: 14    XL:     5   Next: 5%
Magic:  0/6        EV:  9    Int: 13    God:    Lugonu [*.....]
Gold:   77         SH:  0    Dex: 12    Spells: 4/4 levels left

rFire    . . .     SeeInvis .   a - +1 hand axe
rCold    . . .     Gourm    .   (no shield)
rNeg     . . .     Faith    .   g - +0 scale mail
rPois    .         Spirit   +   (no helmet)
rElec    .         Reflect  .   f - scarf {Spirit}
rCorr    .         Harm     .   (no gloves)
MR       .....                  (no boots)
Stlth    ..........             (no amulet)
HPRegen  0.14/turn              (no ring)
MPRegen  0.10/turn              (no ring)

@: no status effects
A: claws 1
a: Depart the Abyss, Renounce Religion


You were on level 3 of the Dungeon.
You worshipped Lugonu.
Lugonu was aware of your devotion.
You were not hungry.

You visited 1 branch of the dungeon, and saw 3 of its levels.
You visited the Abyss 1 time.

You collected 77 gold pieces.

Inventory:

Hand Weapons
 a - a +1 hand axe (weapon)
Armour
 f - a scarf of spirit shield (worn)
 g - a +0 scale mail (worn)
Scrolls
 d - 2 scrolls of remove curse
Comestibles
 b - 2 chunks of flesh
 c - 6 rations


   Skills:
 + Level 3.6 Fighting
 * Level 4.4 Axes
 - Level 1.7 Armour
 - Level 0.8 Dodging
 - Level 2.4 Invocations


You had 4 spell levels left.
You didn't know any spells.

Dungeon Overview and Level Annotations

Branches:
Dungeon (3/15)

Altars:
Wu Jian

Annotations:
D:3 Crazy Yiuf


Innate Abilities, Weirdness & Mutations

You have sharp fingernails.


Message History

Crazy Yiuf is heavily wounded.
Crazy Yiuf hits you but does no damage.
You hit Crazy Yiuf but do no damage.
Crazy Yiuf is heavily wounded.
Crazy Yiuf hits you but does no damage.
You closely miss Crazy Yiuf.
Crazy Yiuf is heavily wounded.
Crazy Yiuf hits you with a quarterstaff of chaos.
* * * LOW HITPOINT WARNING * * *
You hit Crazy Yiuf.
Crazy Yiuf is severely wounded.
Crazy Yiuf hits you with a quarterstaff of chaos!
* * * LOW HITPOINT WARNING * * *
You hit Crazy Yiuf.
Crazy Yiuf is severely wounded.
Crazy Yiuf barely misses you.
You hit Crazy Yiuf.
Crazy Yiuf is almost dead.
Crazy Yiuf hits you with a quarterstaff of chaos.
You die...

#.# # #.# # ##.# #
#..# # #.## # #.#
####### #
#.###...#.### #### #
#........#..##...#
####.......####.@g..#
†)...#.#..## ###..)#
########### #### ##
#.).# .###.###
...(...### .###.#.#.#
## #.....# ###.###


You could see Crazy Yiuf.

Vanquished Creatures
  A crimson imp (D:3)
  4 adders
  2 oozes (D:1)
  3 worms
  A dart slug (D:2)
  2 leopard geckos
  2 orcs (D:3)
  10 goblins
  4 hobgoblins
  2 jackals (D:3)
  8 kobolds
  A quokka (D:2)
  6 bats
  4 frilled lizards
  3 rats (D:3)
53 creatures vanquished.

Vanquished Creatures (others)
  2 starspawn tentacles (Abyss:1)
2 creatures vanquished.

Grand Total: 55 creatures vanquished

Notes
Turn   | Place    | Note
-------+----------+-------------------------------------------
     0 | Abyss:1  | xccam the Demonspawn Abyssal Knight began the quest for the Orb.
     0 | Abyss:1  | Reached XP level 1. HP: 18/18 MP: 2/2
    37 | Abyss:1  | Found a corrupted altar of Lugonu.
    74 | Abyss:1  | Noticed a tentacled starspawn
    84 | D:1      | Escaped the Abyss
   109 | D:1      | Reached skill level 2 in Axes
   221 | D:1      | Gained mutation: You have sharp fingernails. [demonic ancestry]
   221 | D:1      | Reached XP level 2. HP: 15/24 MP: 3/3
   732 | D:1      | Reached skill level 3 in Axes
  1143 | D:2      | Reached * piety under Lugonu
  1215 | D:2      | Reached XP level 3. HP: 15/29 MP: 4/4
  1980 | D:3      | Found an ornate altar of the Wu Jian Council.
  2051 | D:3      | Reached XP level 4. HP: 27/35 MP: 3/5
  2661 | D:3      | Reached skill level 4 in Axes
  2719 | D:3      | Found a faded altar of an unknown god.
  3036 | D:3      | Reached XP level 5. HP: 41/41 MP: 6/6
  3160 | D:3      | Found a runed door.
  3164 | D:3      | Noticed Crazy Yiuf
  3177 | D:3      | HP: 1/42 [Crazy Yiuf/quarterstaff of chaos (9)]
  3179 | D:3      | Slain by Crazy Yiuf

Skill      XL: |  1  2  3  4 |
---------------+-------------+-----
Axes           | 2 3 4 |  4.4
Fighting       | |  3.6
Armour         | |  1.7
Dodging        | |  0.8
Invocations    | |  2.4

Action                   |  1- 3 |  4- 6 || total
-------------------------+-------+-------++-------
Melee: Hand axe          |   121 |   118 ||   239
Invok: Depart the Abyss  |     1 |       ||     1
  Use: Scroll            |     4 |     1 ||     5
       Potion            |       |     1 ||     1
 Stab: Sleeping          |     1 |       ||     1
  Eat: Chunk             |     4 |     3 ||     7
Armor: Leather armour    |    29 |     2 ||    31
       Scale mail        |       |    29 ||    29
Dodge: Dodged            |    73 |    47 ||   120
